 Dungeon Sprint DCSS version 0.29-a0-284-gf9362112df (webtiles) character file.

Game seed: 2828250409528510366

1670 mhtbhm the Impaler (level 9, -3/123 HPs)
             Began as a Merfolk Berserker on Mar 26, 2022.
             Was a High Priest of Trog.
             Slain by a bog body (16 damage)
             ... in the Dungeon (Sprint VII: "The Pits").
             The game lasted 00:02:11 (1235 turns).

mhtbhm the Impaler (Merfolk Berserker)              Turns: 1235, Time: 00:02:12

Health: -3/123     AC: 14    Str: 21    XL:     9   Next: 1%
Magic:  9/9        EV: 14    Int:  6    God:    Trog [*****.]
Gold:   0          SH:  0    Dex: 17    Spells: 8/8 levels left

rFire   . . .      SeeInvis .   a - +2 halberd of Understanding {drain, rElec}
rCold   . . .      Faith    .   (shield currently unavailable)
rNeg    . . .      Spirit   .   b - +4 scale mail
rPois   .          Reflect  .   (no helmet)
rElec   +          Harm     .   (no cloak)
rCorr   .          Rampage  .   (no gloves)
Will    .....      NoTele   +   (no boots)
Stlth   ..........              (no amulet)
HPRegen 0.30/turn               l - +3 ring of dexterity
MPRegen 0.11/turn               k - +3 ring of protection

@: berserking, very quick
A: (nimble swimmer 2), mertail
a: Renounce Religion, Berserk, Trog's Hand, Brothers in Arms


You were in the Dungeon.
You worshipped Trog.
Trog was extremely pleased with you.
You visited 1 branch

Inventory:

Hand Weapons
 a - the +2 halberd of Understanding (weapon) {drain, rElec}
   (You found it in the Dungeon)

   A truly terrible weapon, it drains the life of any living foe it strikes.
   rElec:     It insulates you from electricity.
 n - a +4 antimagic demon trident
Armour
 b - a +4 scale mail (worn)
Jewellery
 k - a +3 ring of protection (right hand)
 l - a +3 ring of dexterity (left hand)
Scrolls
 h - a scroll of blinking
 j - a scroll of summoning
Potions
 c - 7 potions of curing
 d - 8 potions of heal wounds
 e - a potion of haste
 f - 4 potions of magic
 g - 5 potions of berserk rage
 i - 2 potions of invisibility
 m - 2 potions of resistance


   Skills:
 + Level 11.9 Fighting
 + Level 17.8 Polearms
 + Level 4.9 Armour
 + Level 8.2 Dodging
 + Level 3.6 Stealth


You had 8 spell levels left.
You didn't know any spells.
Your spell library was empty.

Dungeon Overview and Level Annotations

Branches:
Dungeon (1/1)

Altars:
Gozag
Hepliaklqana
Sif Muna
Trog
Jiyva


Innate Abilities, Weirdness & Mutations

((You are very nimble when in or above water. (Stealth+, EV+, Speed+++)))
Your lower body shifts to a powerful aquatic tail in water.


Message History

You have reached level 9!
Your experience leads to an increase in your attributes!
Your base attributes are Str 19, Int 6, Dex 14.
Increase (S)trength, (I)ntelligence, or (D)exterity?
You feel stronger. x2
The ice encasing you melts away.
You hit the earth elemental.
The earth elemental is lightly damaged.
You puncture the earth elemental!
The earth elemental is moderately damaged.
The earth elemental hits you.
You hit the earth elemental but do no damage.
The earth elemental is moderately damaged.
You hit the earth elemental.
The earth elemental is moderately damaged.
The bog body touches you but does no damage.
You slash the earth elemental!
The earth elemental is severely damaged.
The earth elemental hits you!
The bog body points at you and mumbles some strange words.
The bolt of cold hits you!!
* * * LOW HITPOINT WARNING * * *
You are too injured to fight recklessly!
You are too injured to fight recklessly!
You are too injured to fight recklessly!
You are too injured to fight recklessly!
You are too injured to fight recklessly!
You are too injured to fight recklessly!
You are too injured to fight recklessly!
You are too injured to fight recklessly!
You are too injured to fight recklessly!
You are too injured to fight recklessly!
You are too injured to fight recklessly!
You are too injured to fight recklessly!
You are too injured to fight recklessly!
A red film seems to cover your vision as you go berserk!
You feel yourself moving faster!
You feel mighty! The bog body touches you!
* * * LOW HITPOINT WARNING * * *
The bog body freezes you!
You die...

#..# #..# #..#
####### #..#
..##..# #..#
..##..# #..#
..''..# #En#
..''†)##########@.#
..##)))...........#
..##..............#
###################


You could see an earth elemental and a bog body.

Vanquished Creatures
  A rime drake (D)
  A shadow (D)
  A wraith (D)
  A floating eye (D)
  A swamp drake (D)
  An orc warrior (D)
  An ice beast (D)
  A scorpion (D)
  2 bullfrogs (D)
  A quasit (D)
  2 gnoll shamans (D)
  Jessica (D)
  A mummy (D)
  8 gnolls (D)
  A river rat (D)
  An ufetubus (D)
  4 orcs (D)
  A bat zombie (D)
  An endoplasm (D)
  A hobgoblin (D)
  A quokka zombie (D)
  A rat (D)
34 creatures vanquished.

Vanquished Creatures (collateral kills)
  A warg (D)
  A swamp drake (D)
  An ogre (D)
  An orc (D)
4 creatures vanquished.

Vanquished Creatures (others)
  An orc knight (D)
  2 orcs (D)
3 creatures vanquished.

Grand Total: 41 creatures vanquished

Notes
Turn   | Place    | Note
-------+----------+-------------------------------------------
     0 | D        | mhtbhm the Merfolk Berserker began the quest for the Orb.
     0 | D        | Reached XP level 1. HP: 18/18 MP: 1/1
   175 | D        | Reached skill level 5 in Polearms
   177 | D        | Reached ** piety under Trog
   178 | D        | Reached XP level 2. HP: 25/25 MP: 2/2
   262 | D        | Noticed a floating eye
   270 | D        | Killed a floating eye
   271 | D        | Reached skill level 8 in Polearms
   271 | D        | Reached skill level 5 in Dodging
   271 | D        | Reached XP level 3. HP: 35/35 MP: 3/3
   271 | D        | Reached XP level 4. HP: 41/41 MP: 4/4
   271 | D        | Reached XP level 5. HP: 47/47 MP: 5/5
   378 | D        | Reached *** piety under Trog
   384 | D        | Reached skill level 10 in Polearms
   388 | D        | Reached **** piety under Trog
   506 | D        | Found a bloodstained altar of Trog.
   506 | D        | Found a shimmering blue altar of Sif Muna.
   506 | D        | Found a viscous altar of Jiyva.
   506 | D        | Found a hazy altar of Hepliaklqana.
   506 | D        | Found an opulent altar of Gozag.
   537 | D        | Reached skill level 1 in Stealth
   539 | D        | Noticed Jessica
   541 | D        | Reached skill level 11 in Polearms
   541 | D        | Reached XP level 6. HP: 45/57 MP: 6/6
   541 | D        | Reached ***** piety under Trog
   542 | D        | Reached skill level 12 in Polearms
   552 | D        | Reached skill level 13 in Polearms
   553 | D        | Received a gift from Trog
   563 | D        | Reached XP level 7. HP: 36/65 MP: 7/7
   568 | D        | Killed Jessica
   739 | D        | Reached skill level 10 in Fighting
   739 | D        | Reached skill level 14 in Polearms
   871 | D        | Noticed a wraith
   871 | D        | Noticed a shadow
   880 | D        | Killed a shadow
   880 | D        | Received a gift from Trog
   881 | D        | Reached skill level 15 in Polearms
   883 | D        | Killed a wraith
   884 | D        | Reached XP level 8. HP: 75/75 MP: 2/8
   992 | D        | Reached skill level 16 in Polearms
  1058 | D        | Got the +2 halberd of Understanding {drain, rElec}
  1166 | D        | Noticed an orc knight
  1177 | D        | Killed an orc knight
  1179 | D        | Reached skill level 17 in Polearms
  1179 | D        | Received a gift from Trog
  1225 | D        | Noticed a bog body
  1225 | D        | Noticed a rime drake
  1228 | D        | Killed a rime drake
  1229 | D        | Reached XP level 9. HP: 52/82 MP: 9/9
  1235 | D        | Slain by a bog body

Illustrated notes

Levels and vault maps discovered:
D:        pitsprint [storerooms_1, entrance_room_1, metal_vault_6, armoury_1,
          mini_pit_1, grid_room_1, main_hall_1, silver_pit, the_coven_1,
          the_vestibule_1, steel_vault_2, golden_pit, hallway_of_sentries,
          crystal_vault_3, iron_vault_4, final_vault]

Skill      XL: |  1  2  3  4  5  6  7  8 |
---------------+-------------------------+-----
Fighting       | 4 6 8 9 11 | 11.9
Dodging        | 3 5 6 7 8 |  8.2
Polearms       | 5 8 11 13 15 17 | 17.8
Armour         | 2 3 4 |  4.9
Stealth        | 1 2 3 |  3.6

Action                   |  1- 3 |  4- 6 |  7- 9 || total
-------------------------+-------+-------+-------++-------
Melee: Spear             |     8 |       |       ||     8
       Trident           |    13 |    46 |     5 ||    64
       Punch             |       |     1 |       ||     1
       Halberd           |       |       |    38 ||    38
Invok: Berserk           |       |       |     3 ||     3
       Brothers in Arms  |       |       |     1 ||     1
  Use: Potion            |       |       |     1 ||     1
 Stab: Sleeping          |       |       |     1 ||     1
Armor: Animal skin       |     3 |       |       ||     3
       Ring mail         |       |     3 |     5 ||     8
       Scale mail        |       |       |     2 ||     2
Dodge: Dodged            |    16 |     7 |    13 ||    36

Table legend: (Time is in decaauts)
 A = Elapsed time spent in this place.
 B = Non-inter-level travel time spent in this place.
 C = Inter-level travel time spent in this place.
 D = Time resting spent in this place.
 E = Time spent auto-exploring this place.
 F = Levels seen in this place.
 G = Mean time per level.
                   A        B        C        D        E       F      G
               +--------+--------+--------+--------+--------+-----+--------+
         Total |   1227 |   1227 |      0 |    791 |     21 |   1 | 1227.0 |
       Dungeon |   1227 |   1227 |      0 |    791 |     21 |   1 | 1227.0 |
               +--------+--------+--------+--------+--------+-----+--------+

Top non-repeatable levels by time:
       D: 1227 daAuts
